Map: 锈化山巅-天梯版

Players

llllllllllll (Coffee) - Winner!

  • Race: Terran Terran
  • League: Master

iGXY (XY)

  • Race: Terran Terran

Event: DreamHack SC2 Masters 2021 Winter

VOD

Have the link to the VOD?

Description

Time

  • Played on: Oct. 9, 2021, 8 a.m.
  • Length: 10:28

All games in this series

Show
View Real Time Build Order
Export as new Build Order

llllllllllll Terran - Winner!

Build Orders: Cyclone Opening 

Get SALT Encoding   

  12  0:00  SCV  
  13  0:12  SCV  
  14  0:17  Supply Depot  
  14  0:24  SCV  
  15  0:38  SCV  
  15  0:40  Barracks  
  16  0:43  Refinery  
  16  0:50  SCV  
  16  0:53  Refinery  
  17  1:02  SCV  
  18  1:15  SCV  
  19  1:27  Reaper, Orbital Command  
  19  1:28  Supply Depot  
  20  1:41  Factory  
  20  1:53  SCV  
  21  1:59  Barracks Reactor  
  21  2:05  SCV  
  22  2:18  SCV  
  22  2:21  Command Center  
  23  2:26  Factory Tech Lab  
  23  2:30  SCV  
  23  2:36  Reaper x2  
  26  2:42  SCV  
  27  2:45  Cyclone  
  27  2:48  Supply Depot  
  30  2:54  SCV  
  31  3:04  Starport  
  31  3:10  SCV  
  31  3:12  Marine x2  
  34  3:17  Refinery  
  34  3:22  SCV  
  34  3:26  Siege Tank  
  38  3:30  Marine  
  38  3:33  Marine  
  40  3:38  Orbital Command  
  39  3:43  SCV  
  38  3:55  SCV, Marine x2  
  38  4:01  Raven  
  43  4:04  SCV, Factory Tech Lab  
  43  4:08  SCV  
  45  4:12  Supply Depot  
  45  4:13  Marine x2  
  45  4:16  SCV  
  48  4:20  SCV  
  48  4:23  Siege Tank  
  52  4:29  SCV  
  53  4:32  SCV  
  53  4:33  Barracks  
  53  4:36  Barracks  
  54  4:39  Engineering Bay  
  54  4:43  SCV  
  54  4:44  SCV  
  56  4:48  Stimpack  
  56  4:49  Marine  
  56  4:50  Starport Reactor  
  57  4:55  SCV  
  57  4:56  Supply Depot, SCV  
  59  5:01  Siege Tank  
  62  5:07  Terran Infantry Weapons Level 1  
  62  5:08  Supply Depot  
  62  5:18  SCV x2, Marine  
  62  5:20  Supply Depot  
  65  5:32  SCV x2  
  67  5:36  Marine x3, Starport Reactor  
  67  5:37  Marine x2  
  67  5:38  Supply Depot, Siege Tank  
  75  5:44  SCV  
  75  5:45  SCV  
  75  5:48  Supply Depot  
  77  5:54  Command Center  
  77  5:58  SCV x2  
  77  6:01  Marine x5  
  84  6:10  Siege Tank  
  87  6:13  Medivac x2  
  87  6:16  SCV x2  
  93  6:19  Refinery  
  93  6:26  Marine x4  
  93  6:27  Marine  
  93  6:31  Supply Depot, Combat Shield  
  98  6:33  Supply Depot  
  98  6:35  SCV x2  
  100  6:43  Medivac  
  102  6:50  Barracks  
  102  6:52  Barracks  
  102  6:53  Medivac, SCV x2  
  106  6:57  Marine x4  
  110  7:02  Terran Infantry Armor Level 1  
  110  7:06  Supply Depot  
  110  7:11  Orbital Command  
  110  7:12  SCV x2  
  109  7:22  Viking  
  94  7:33  SCV  
  89  7:49  Marine  
  87  8:01  SCV x2  
  82  8:08  SCV  
  83  8:13  SCV  
  83  8:15  Marine x2  
  83  8:17  Marine x2  
  88  8:20  Marine  
  88  8:21  Marine x2  
  88  8:23  SCV x2  
  93  8:33  Marine x2  
  95  8:41  Marine x5  
  89  8:42  Siege Tank  
  89  8:43  Medivac  
  89  8:44  SCV  
  97  8:51  Marine x2  
  97  8:54  SCV  
  98  8:55  SCV  
  98  8:58  Marine  
  98  8:59  Marine x4  
  99  9:08  Marine x2  
  90  9:16  Marine  
  89  9:17  Marine x4  
  89  9:18  SCV x2  
  90  9:25  SCV  
  90  9:26  Marine x2  
  90  9:30  SCV  
  94  9:33  SCV  
  94  9:34  Marine  
  94  9:35  Marine x4  
  94  9:36  Medivac x2  
  94  9:38  SCV  
  89  9:42  SCV  
  89  9:44  Marine x2  
  86  9:54  Siege Tank  
  86  9:55  SCV  
  86  9:56  SCV, Marine x4  
  86  9:57  SCV  
  96  10:08  SCV, Marine x2  
  96  10:09  SCV  
Show
View Real Time Build Order
Export as new Build Order

iGXY Terran 

Build Orders:  

Get SALT Encoding   

  12  0:00  SCV  
  13  0:12  SCV  
  14  0:17  Supply Depot  
  14  0:24  SCV  
  15  0:38  SCV  
  15  0:39  Barracks  
  16  0:43  Refinery  
  16  0:50  SCV  
  16  0:52  Refinery  
  17  1:02  SCV  
  18  1:15  SCV  
  19  1:25  Reaper  
  19  1:27  Supply Depot, Orbital Command  
  20  1:40  Factory  
  20  1:52  SCV  
  21  1:57  Reaper  
  22  2:04  SCV  
  23  2:16  SCV  
  23  2:19  Command Center  
  24  2:24  Hellion  
  24  2:28  SCV  
  27  2:30  Barracks Reactor  
  27  2:36  Supply Depot  
  27  2:41  SCV  
  28  2:45  Factory Tech Lab  
  28  2:50  Starport  
  28  2:53  SCV  
  29  3:03  Cyclone  
  29  3:05  SCV  
  33  3:08  Marine x2  
  35  3:14  Refinery  
  35  3:17  SCV  
  36  3:26  Marine x2  
  38  3:31  Orbital Command  
  37  3:43  SCV  
  37  3:48  Raven  
  37  3:49  Factory Tech Lab  
  37  3:55  SCV  
  40  3:59  SCV  
  41  4:07  SCV  
  41  4:08  Siege Tank  
  45  4:11  SCV  
  45  4:14  Supply Depot  
  45  4:15  Marine  
  47  4:17  Marine  
  47  4:19  SCV  
  47  4:23  SCV  
  50  4:31  SCV, Raven  
  50  4:35  SCV  
  54  4:43  SCV  
  54  4:44  Siege Tank  
  60  4:47  SCV  
  59  4:53  Command Center  
  59  4:55  SCV  
  60  5:00  SCV  
  60  5:03  Supply Depot  
  60  5:08  SCV  
  60  5:09  Refinery  
  60  5:12  Supply Depot, SCV  
  62  5:25  SCV, Raven  
  62  5:27  SCV  
  66  5:28  Siege Tank  
  66  5:33  Barracks  
  66  5:34  Barracks  
  69  5:37  Supply Depot, SCV  
  69  5:40  SCV  
  71  5:44  Engineering Bay x2  
  71  5:49  SCV  
  72  5:52  SCV  
  71  6:01  SCV, Siege Tank  
  75  6:04  SCV  
  75  6:05  Orbital Command  
  75  6:07  Supply Depot  
  76  6:11  Terran Infantry Weapons Level 1, Terran Infantry Armor Level 1  
  76  6:13  SCV  
  76  6:16  SCV  
  78  6:18  Missile Turret, Viking  
  78  6:24  Viking  
  82  6:25  SCV  
  82  6:28  SCV  
  82  6:31  Stimpack  
  84  6:33  Siege Tank  
  84  6:36  Barracks Reactor  
  87  6:43  Barracks Reactor  
  87  6:45  SCV  
  87  6:46  SCV  
  89  6:49  Viking, Barracks  
  89  6:50  Barracks  
  91  6:55  Viking  
  91  6:57  Marine  
  91  6:58  SCV x2  
  91  6:59  SCV  
  97  7:06  Siege Tank  
  100  7:10  SCV  
  100  7:13  Marine x2  
  100  7:15  Marine  
  104  7:16  SCV  
  105  7:25  Viking  
  105  7:26  Viking  
  109  7:35  Supply Depot x2  
  109  7:36  Supply Depot  
  109  7:43  Barracks Reactor x2  
  109  7:46  Supply Depot  
  109  7:49  SCV  
  109  7:52  Supply Depot  
  109  7:54  Armory  
  109  7:57  Siege Tank, Marine x5  
  117  8:00  Viking  
  116  8:08  Missile Turret  
  116  8:09  Missile Turret x2  
  116  8:10  Viking  
  118  8:14  Marine x5  
  118  8:18  Combat Shield  
  118  8:19  Marine x2  
  125  8:24  Orbital Command  
  125  8:30  Sensor Tower  
  125  8:32  Marine x2  
  125  8:33  Marine  
  125  8:34  Refinery x2  
  125  8:38  Marine x2  
  125  8:39  Siege Tank  
  112  8:43  Marine  
  105  8:49  Marine  
  105  8:50  SCV  
  105  8:51  Marine x2  
  105  8:53  Marine  
  105  8:54  Marine  
  94  8:59  Marine x2  
  84  9:04  Marine  
  61  9:10  Marine x2  
  61  9:16  Marine  
  63  9:18  Marine  
  63  9:22  Marine  
  63  9:24  Marine  
  59  9:31  SCV  
  50  9:52  Orbital Command  
  50  10:08  Starport  
  50  10:13  Barracks Reactor  

Tags
 
Add a new tag
Caveats
  • Supply blocks, unpowered buildings, or Contaminate may cause inaccurate times.
  • Supply counts are checked every 10 seconds.